 Dungeon Crawl Stone Soup version 0.24-a0-487-g57318f2ed0 (webtiles) character file.

Game seed: 16604647951740660525

2502 345516895589 the Geomancer (level 9, -2/55 HPs)
             Began as a Gargoyle Earth Elementalist on July 9, 2019.
             Was a Priest of Vehumet.
             Shot with an arrow by a centaur warrior (15 damage)
             ... on level 8 of the Dungeon on July 10, 2019.
             The game lasted 01:30:35 (6831 turns).

345516895589 the Geomancer (GrEE)                   Turns: 6831, Time: 01:30:35

Health: -2/55      AC:  8    Str: 12    XL:     9   Next: 53%
Magic:  14/18      EV: 13    Int: 18    God:    Vehumet [***...]
Gold:   350        SH:  0    Dex: 11    Spells: 9/20 levels left

rFire    . . .     SeeInvis .   j - +2 battleaxe (flame)
rCold    . . .     Gourm    .   (shield currently unavailable)
rNeg     + . .     Faith    .   c - +0 robe
rPois    ∞         Spirit   .   (no helmet)
rElec    +         Reflect  .   (no cloak)
rCorr    .         Harm     .   (no gloves)
MR       .....                  (no boots)
Stlth    ++........             (no amulet)
HPRegen  0.18/turn              A - ring of poison resistance
MPRegen  0.16/turn              (no ring)

@: very slightly contaminated
A: negative energy resistance 1, electricity resistance, unbreathing,
petrification resistance, rot immunity, AC +6
a: Renounce Religion


You were on level 8 of the Dungeon.
You worshipped Vehumet.
Vehumet was most pleased with you.
You were not hungry.

You visited 2 branches of the dungeon, and saw 9 of its levels.
You also visited: Sewer.

You collected 350 gold pieces.

Inventory:

Hand Weapons
 e - a +0 short sword
 j - a +2 battleaxe of flaming (weapon)
 n - a +0 mace
 p - a +1 mace of holy wrath
 t - a +4 quarterstaff of chaos
 I - a +4 morningstar
Missiles
 b - 88 stones (quivered)
Armour
 c - a +0 robe (worn)
 h - a +0 naga barding
 F - a +0 chain mail of fire resistance
Magical Staves
 u - an uncursed staff of air
Jewellery
 A - a ring of poison resistance (left hand)
Wands
 v - a wand of digging (5)
 E - a wand of polymorph (2)
 K - a wand of iceblast (7)
Scrolls
 f - 6 scrolls of teleportation
 m - 4 scrolls of enchant weapon {unknown}
 o - 2 scrolls of blinking
 w - a scroll of amnesia {unknown}
 y - 2 scrolls of noise {unknown}
 B - a scroll of immolation {unknown}
 D - 4 scrolls of remove curse {unknown}
 J - a scroll of fear {unknown}
 L - a scroll of identify
Potions
 a - 2 potions of brilliance
 g - a potion of might
 i - a potion of cancellation {unknown}
 k - a potion of mutation
 l - a potion of lignification {unknown}
 q - 10 potions of curing
 r - a potion of flight {unknown}
 s - 2 potions of agility {unknown}
 x - a potion of magic {unknown}
 z - 2 potions of haste
 C - a potion of degeneration {unknown}
 G - a potion of berserk rage {unknown}
 H - 2 potions of heal wounds {unknown}
Comestibles
 d - 10 rations
 M - 9 chunks of flesh


   Skills:
 * Level 6.2 Fighting
 + Level 2.1 Axes
 + Level 3.1 Dodging
 - Level 2.4 Stealth
 * Level 6.3 Spellcasting
   Level 0.7 Transmutations
 * Level 10.0 Earth Magic


You had 9 spell levels left.
You knew the following spells:

 Your Spells              Type           Power        Failure   Level  Hunger
a - Sandblast             Erth           #####.       1%          1    None
b - Stone Arrow           Conj/Erth      ###...       1%          3    ##.....
c - Freeze                Ice            #...         3%          1    None
d - Magic Dart            Conj           #...         3%          1    None
e - Lee's Rapid Deconstr  Erth           #####.....   1%          5    #####..

Your spell library contained the following spells:

 Spells                   Type           Power        Failure   Level  Hunger
 Static Discharge         Conj/Air       #.......     10%         3    ##.....
 Passwall                 Tmut/Erth      ####....     1%          2    None
 Beastly Appendage        Tmut           #.....       9%          1    None
 Summon Small Mammal      Summ           #...         12%         1    None
 Sticks to Snakes         Tmut           #.......     13%         2    None
 Petrify                  Tmut/Erth      ####....     13%         4    ####...
 Call Imp                 Summ           #.......     17%         2    None
 Spider Form              Tmut/Pois      #.........   30%         3    ##.....
 Call Canine Familiar     Summ           #.......     34%         3    ##.....
 Summon Guardian Golem    Hex/Summ       #.......     34%         3    ##.....
 Ice Form                 Ice/Tmut       #.......     69%         4    ####...
 Summon Ice Beast         Ice/Summ       #.......     75%         4    ####...
 Summon Lightning Spire   Summ/Air       #.......     75%         4    ####...
 Blade Hands              Tmut           #.........   94%         5    #####..


Dungeon Overview and Level Annotations

Branches:
Dungeon (8/15)             Temple (1/1) D:4
   Lair: D:8-11

Altars:
Ashenzari
Cheibriados
Dithmenos
Elyvilon
Fedhas
Gozag
Hepliaklqana
Kikubaaqudgha
Makhleb
Nemelex Xobeh
Okawaru
Qazlal
Ru
Sif Muna
Trog
Uskayaw
Vehumet
Wu Jian
Xom
Yredelemnul
Zin
The Shining One

Annotations:
D:8 2 transporters, maggai's ghost, novice MiMo


Innate Abilities, Weirdness & Mutations

You are resistant to torment.
Your stone body is resilient. (AC +6)
You are immune to poison.
You resist negative energy. (rN+)
You are resistant to electric shocks. (rElec)
You can survive without breathing.
You are immune to petrification.
You are immune to rotting.


Message History

The blast of sand hits the centaur warrior!
The centaur warrior is moderately wounded.
b - 89 stones The centaur warrior hits you.
The centaur warrior closely misses you.
Casting: Sandblast (safe; 1% risk of failure)
Confirm with . or Enter, or press ? or * to list all spells.
Aiming: Sandblast (safe; 1% risk of failure)
Press: ? - help, Shift-Dir - straight line, f/p - centaur warrior
Aim: a centaur warrior (moderately wounded)
The blast of sand hits the centaur warrior but does no damage.
The centaur warrior is moderately wounded.
b - 88 stones The centaur warrior hits you.
The centaur warrior wields a cursed -1 shortbow.
The centaur warrior shoots an arrow.
The arrow hits you!!
* * * LOW HITPOINT WARNING * * *
You see here an arrow.
The centaur warrior shoots an arrow.
The arrow barely misses you.
The centaur warrior shoots an arrow.
The arrow hits you!
You die...

........###).................
........'...)................
........###..................
........# #..........).......
######'## #.#####............
##.....# ###!.c##..÷..###.##
##....## # #.#)...### ##....#
#. #(#..)###y# ##....#
#.###@#..)##...# ##....#
###...##...# .###
##.########.##'##....##W..#
..........÷).........#$#.#
##.########).........#yy# #.#
#.........©#yy# #.#
#..........#y.# #.#
#..........#$#.# ##.#####
#..........##...#


You could see a centaur warrior.

Vanquished Creatures
  Grinder (D:5)
  A hippogriff (D:7)
  Sigmund (D:2)
  Menkaure (D:7)
  An orc warrior (D:6)
  Purgy (D:3)
  An ice beast (D:6)
  An ogre (D:6)
  A big kobold (D:8)
  A gnoll sergeant (D:7)
  A bullfrog (D:6)
  A scorpion (D:4)
  4 wights (D:8)
  4 howler monkeys
  3 orc priests (D:8)
  A bullfrog skeleton (D:4)
  A bullfrog zombie (D:5)
  3 hounds
  2 centaur skeletons
  Crazy Yiuf (D:2)
  Ijyb (D:3)
  Terence (D:2)
  5 worker ants
  3 orc wizards
  A howler monkey zombie (D:5)
  5 gnolls (D:7)
  16 adders
  3 river rats (Sewer)
  A shadow imp (D:6)
  3 oozes
  2 worms
  A dart slug (D:2)
  4 leopard geckos
  18 orcs
  6 giant cockroaches
  10 goblins
  9 hobgoblins
  2 jackals (D:2)
  5 quokkas
  7 ball pythons
  10 bats
  11 frilled lizards
  13 kobolds
  A quokka skeleton (D:7)
  6 rats
175 creatures vanquished.

Notes
Turn   | Place    | Note
-------+----------+-------------------------------------------
     0 | D:1      | 345516895589 the Gargoyle Earth Elementalist began the
                  | quest for the Orb.
     0 | D:1      | Reached XP level 1. HP: 10/10 MP: 3/3
   185 | D:1      | Reached XP level 2. HP: 15/15 MP: 1/5
   361 | D:1      | Reached skill level 4 in Earth Magic
   480 | D:1      | Reached XP level 3. HP: 19/19 MP: 4/6
   831 | D:1      | Learned a level 3 spell: Stone Arrow
   892 | D:2      | Noticed Terence
   963 | D:2      | Killed Terence
   963 | D:2      | Reached XP level 4. HP: 24/24 MP: 4/8
  1126 | D:2      | Upgraded the game from 0.24-a0-484-g962a3eeff7 to
                  | 0.24-a0-487-g57318f2ed0
  1147 | D:2      | Reached skill level 5 in Earth Magic
  1381 | D:2      | Noticed Sigmund
  1419 | D:2      | Killed Sigmund
  1419 | D:2      | Reached skill level 1 in Fighting
  1419 | D:2      | Reached skill level 6 in Earth Magic
  1419 | D:2      | Reached XP level 5. HP: 30/30 MP: 2/10
  1419 | D:2      | Reached XP level 6. HP: 35/35 MP: 2/11
  1561 | D:2      | Found a shimmering altar of Xom.
  1566 | D:2      | Found a radiant altar of Vehumet.
  1687 | D:2      | Became a worshipper of Vehumet
  2036 | D:2      | Found a runed translucent door.
  2037 | D:2      | Noticed Crazy Yiuf
  2043 | D:2      | Killed Crazy Yiuf
  2356 | D:3      | You fall into a shaft and drop 3 floors!
  2362 | D:5      | Entered Level 5 of the Dungeon
  2555 | D:4      | Found a glowing drain.
  2573 | Sewer    | Entered a sewer
  2649 | Sewer    | Reached * piety under Vehumet
  2649 | Sewer    | Offered knowledge of Freeze by Vehumet.
  2655 | Sewer    | Learned a level 1 spell: Freeze
  3075 | D:4      | Reached XP level 7. HP: 40/40 MP: 11/13
  3085 | D:4      | Reached skill level 7 in Earth Magic
  3089 | D:4      | Found a staircase to the Ecumenical Temple.
  3246 | Temple   | Entered the Ecumenical Temple
  3556 | D:4      | Found an iron altar of Okawaru.
  3862 | D:3      | Noticed Ijyb
  3944 | D:3      | Killed Ijyb
  4012 | D:3      | Found a hide-covered altar of Uskayaw.
  4024 | D:3      | Noticed Purgy
  4028 | D:3      | Killed Purgy
  4073 | D:3      | Reached ** piety under Vehumet
  4073 | D:3      | Offered knowledge of Magic Dart by Vehumet.
  4109 | D:3      | Learned a level 1 spell: Magic Dart
  4121 | D:3      | Found a sparkling altar of Nemelex Xobeh.
  4218 | D:3      | Found an opulent altar of Gozag.
  4218 | D:3      | Found a glowing silver altar of Zin.
  4283 | D:3      | Found a bloodstained altar of Trog.
  4472 | D:5      | Reached skill level 8 in Earth Magic
  4618 | D:5      | Noticed Grinder
  4618 | D:5      | Paralysed by Grinder for 6 turns
  4664 | D:5      | Paralysed by Grinder for 5 turns
  4672 | D:5      | Killed Grinder
  4672 | D:5      | Reached XP level 8. HP: 48/48 MP: 12/15
  4778 | D:5      | Reached skill level 5 in Spellcasting
  5433 | D:6      | Reached skill level 9 in Earth Magic
  5606 | D:6      | Reached skill level 5 in Fighting
  5857 | D:6      | Learned a level 5 spell: Lee's Rapid Deconstruction
  5877 | D:7      | Reached skill level 1 in Axes
  5884 | D:7      | Offered knowledge of Searing Ray by Vehumet.
  5889 | D:7      | Reached XP level 9. HP: 50/54 MP: 10/17
  6017 | D:7      | Reached *** piety under Vehumet
  6369 | D:7      | Noticed Menkaure
  6370 | D:7      | Killed Menkaure
  6677 | D:8      | Noticed a hornet
  6682 | D:8      | Found a transporter.
  6692 | D:8      | Found a transporter.
  6727 | D:8      | Noticed maggai's ghost (novice MiMo)
  6748 | D:8      | Offered knowledge of Static Discharge by Vehumet.
  6791 | D:8      | Reached skill level 10 in Earth Magic
  6824 | D:8      | Noticed a centaur warrior
  6831 | D:8      | Shot with an arrow by a centaur warrior

Levels and vault maps discovered:
D:1:      matt_arrival_grand_opening, layout_rooms
D:2:      layout_loops_ring, chequers_temple_overflow_statue_of_worship,
          amethyst_killhole, hangedman_feature_mirror,
          minmay_misc_feat_diagonals, glass_columns_c, uniq_terence,
          uniq_sigmund, uniq_crazy_yiuf_cottage
D:3:      layout_basic, grunt_temple_overflow_gold_and_silver,
          overflow_temple_1_default, eat_drink_and_be_merry_uskayaw,
          bloody_trog, uniq_ijyb, uniq_purgy
D:4:      layout_loops_ring, kennysheep_little_box,
          minmay_temple_entry_drinking_statues, cheibrodos_sewer_entry_drain,
          minmay_checkerbox
D:5:      layout_rooms, first_ration, hex_medium, uniq_grinder
D:6:      layout_loops_cross
D:7:      layout_gridville, uniq_menkaure
D:8:      layout_basic, gammafunk_ghost_hive, serial_shops,
          nicolae_shop_behind_doors, the_bakery, minivault_25,
          kennysheep_just_a_vault
Temple:   eino_narrow_crystal_temple

Skill      XL: |  1  2  3  4  5  6  7  8  9 |
---------------+----------------------------+-----
Earth Magic    | 4 6 8 9 10 | 10.0
Spellcasting   | 3 4 5 6 |  6.3
Fighting       | 1 2 4 5 6 |  6.2
Dodging        | 2 3 |  3.1
Axes           | 1 2 |  2.1
Stealth        | |  2.4
Transmutations | |  0.7

Action                   |  1- 3 |  4- 6 |  7- 9 || total
-------------------------+-------+-------+-------++-------
Melee: Short sword       |     4 |       |       ||     4
       Mace              |       |     5 |    11 ||    16
       Battleaxe         |       |       |     8 ||     8
       Staff             |       |       |     2 ||     2
 Cast: Sandblast         |    40 |    71 |   162 ||   273
       Stone Arrow       |     1 |    12 |    14 ||    27
       Magic Dart        |       |       |     2 ||     2
       Freeze            |       |       |     2 ||     2
       Lee's Rapid Decon |       |       |     1 ||     1
  Use: Scroll            |       |       |     6 ||     6
  Eat: Chunk             |       |     9 |    12 ||    21
Armor: Robe              |     9 |     5 |    21 ||    35
Dodge: Dodged            |    12 |    15 |    47 ||    74

Table legend:
 A = Non-vault XP
 B = Vault XP
 C = Vault XP percentage of total XP
 D = Non-vault monster count
 E = Vault monster count
 F = Vault count percentage of total count
                 A         B        C        D         E       F
            +---------+---------+-------+---------+---------+-------
      Total |    2469 |    1106 |  30.9 |     147 |      28 |  16.0
            +---------+---------+-------+---------+---------+-------
        D:1 |      52 |       0 |   0.0 |      29 |       0 |   0.0
        D:2 |      66 |     298 |  81.9 |      24 |       5 |  17.2
        D:3 |      62 |     170 |  73.3 |      19 |       2 |   9.5
        D:4 |     125 |     121 |  49.2 |      13 |       6 |  31.6
        D:5 |     213 |     272 |  56.1 |      11 |       1 |   8.3
        D:6 |     767 |       0 |   0.0 |      19 |       0 |   0.0
        D:7 |     636 |     169 |  21.0 |      14 |       1 |   6.7
        D:8 |     548 |       0 |   0.0 |      18 |       0 |   0.0
      Sewer |       0 |      76 | 100.0 |       0 |      13 | 100.0
            +---------+---------+-------+---------+---------+-------
